 Dungeon Crawl Stone Soup version 0.22-a0-402-ga933591 (webtiles) character file.

60735 Firecrotchwizard the Fencer (level 14, -7/133 HPs)
             Began as a Minotaur Berserker on May 8, 2018.
             Was the Champion of Trog.
             Mangled by a red ugly thing (23 damage)
             ... on level 14 of the Dungeon.
             The game lasted 00:37:45 (19234 turns).

Firecrotchwizard the Fencer (Minotaur Berserker)   Turns: 19234, Time: 00:37:46

Health: -7/133     AC: 29    Str: 22    XL:     14   Next: 58%
Magic:  17/17      EV: 14    Int:  4    God:    Trog [******]
Gold:   1694       SH:  0    Dex: 15    Spells: 13/13 levels left

rFire    . . .     SeeInvis .   a - +3 great sword (holy)
rCold    . . .     Gourm    .   (shield currently unavailable)
rNeg     + . .     Faith    +   p - +3 plate armour {rN+}
rPois    .         Spirit   .   (helmet restricted)
rElec    .         Reflect  .   f - +2 cloak
rCorr    .         Harm     .   b - +2 pair of gloves
MR       +....                  L - +2 pair of boots {run}
Stlth    ..........             v - amulet of faith {Faith, !P}
HPRegen  0.32/turn              X - +5 ring of slaying
MPRegen  0.15/turn              (no ring)

@: quick
A: retaliatory headbutt, horns 2
a: Berserk, Trog's Hand, Brothers in Arms, Renounce Religion


You were on level 14 of the Dungeon.
You worshipped Trog.
Trog was exalted by your worship.
You were not hungry.

You visited 2 branches of the dungeon, and saw 20 of its levels.
You also visited: Labyrinth.

You collected 1694 gold pieces.

Inventory:

Hand Weapons
 a - a +3 great sword of holy wrath (weapon)
   (Trog gifted it to you on level 8 of the Dungeon)
 D - a +3 long sword of freezing {!w}
   (You found it on level 6 of the Dungeon)
Missiles
 t - 3 silver tomahawks (quivered)
 C - a throwing net {=f, !d}
 I - 6 poisoned tomahawks
Armour
 b - a +2 pair of gloves (worn)
   (You found it on level 12 of the Dungeon)
 f - a +2 cloak (worn)
   (You found it on level 5 of the Dungeon)
 p - a +3 plate armour of positive energy (worn)
   (You found it in a labyrinth)
 L - a +2 pair of boots of running (worn)
   (You found it on level 8 of the Dungeon)
Jewellery
 v - an amulet of faith (around neck) {Faith, !P}
   (You found it on level 3 of the Dungeon)
 w - an uncursed ring of protection from fire {unknown}
   (You found it on level 11 of the Dungeon)
 z - an uncursed ring of protection from magic {MR+, !d}
   (You found it on level 5 of the Dungeon)
 B - an uncursed ring of poison resistance {rPois, !d}
   (You found it on level 4 of the Dungeon)
 G - a +4 ring of slaying
   (You found it on level 6 of the Dungeon)
 O - an uncursed ring of positive energy {rN+}
   (You found it on level 1 of the Lair of Beasts)
 R - a +6 amulet of reflection
   (You found it on level 2 of the Lair of Beasts)
 X - a +5 ring of slaying (left hand)
   (You found it in a labyrinth)
Wands
 y - a wand of iceblast (18)
   (You found it on level 10 of the Dungeon)
 K - a wand of disintegration (53) {@e1}
   (You found it on level 8 of the Dungeon)
 P - a wand of scattershot (8)
   (You found it on level 11 of the Dungeon)
 Q - a wand of acid (5)
   (You found it on level 2 of the Lair of Beasts)
Scrolls
 e - a scroll of random uselessness
 k - 4 scrolls of identify
 n - 6 scrolls of fog
 o - 4 scrolls of teleportation
 r - 7 scrolls of remove curse
 x - a scroll of acquirement {unknown}
 E - 4 scrolls of blinking {!r}
Potions
 d - 2 potions of degeneration {unknown}
 g - 3 potions of invisibility
 h - 6 potions of haste
 i - 5 potions of ambrosia
 l - 2 potions of mutation {unknown}
 m - 6 potions of flight
 q - 3 potions of berserk rage {unknown}
 s - 11 potions of curing
 u - 5 potions of heal wounds
 A - 4 potions of lignification {unknown}
 F - a potion of magic {unknown}
 H - 4 potions of cancellation {unknown}
 J - 2 potions of might {unknown}
Comestibles
 c - 35 rations {@e1}
 j - 2 chunks of flesh {@w0}


   Skills:
 + Level 14.3 Fighting
 * Level 15.3 Long Blades
 - Level 8.4 Throwing
 - Level 13.2 Armour
 - Level 12.3 Dodging
 - Level 6.3 Evocations


You had 13 spell levels left.
You didn't know any spells.

Dungeon Overview and Level Annotations

Branches:
Dungeon (14/15)            Temple (0/1) D:7            Lair (6/6) D:8
  Swamp (0/4) Lair:4       Spider (0/4) Lair:4        Slime (0/5) Lair:6
    Orc (0/2) D:11
 Vaults: D:13-14

Altars:
Gozag
Uskayaw
Vehumet
Yredelemnul

Shops:
D:11 (

Annotations:
D:11 exclusion: door
Lair:2 exclusion: oklob plant
Abyss:1 Joseph


Innate Abilities, Weirdness & Mutations

You reflexively headbutt those who attack you in melee.
You have a pair of horns on your head.


Message History

You slice the shadow!!
You destroy the shadow!
Trog accepts your kill.
The manticore misses you. x2; The manticore closely misses you.
The red ugly thing punches you but does no damage.
You slash the manticore! The manticore barely misses you.
The manticore claws you but does no damage. x2
The red ugly thing barely misses you.
Your plate armour prevents you from hitting the manticore.
You headbutt the manticore! The manticore barely misses you.
You furiously retaliate!
You headbutt the manticore. The manticore claws you.
The manticore completely misses you.
The red ugly thing punches you but does no damage.
You take 2 damage, and have 106/132 hp.
You slash the manticore!
You kill the manticore!
Trog accepts your kill.
The red ugly thing basks in the mutagenic energy from its kin and changes!
The red ugly thing punches you but does no damage.
Some of the chunks of flesh in your inventory have rotted away.
You barely miss the red ugly thing.
Your headbutt misses the red ugly thing.
The orc wizard closely misses you.
You riposte.
You slash the orc wizard!
The red ugly thing basks in the mutagenic energy from its kin and changes!
You slice the orc wizard!!
You kill the orc wizard!
Trog accepts your kill.
Trog appreciates your killing of a magic user.
The red ugly thing trunk-slaps you but does no damage. x2
You slash the red ugly thing! You headbutt the red ugly thing!
The red ugly thing completely misses you.
You furiously retaliate!
You headbutt the red ugly thing.
You riposte.
You slice the red ugly thing!! You headbutt the red ugly thing!
The red ugly thing closely misses you. You furiously retaliate!
You headbutt the red ugly thing! The orc hits you.
The brown ugly thing basks in the mutagenic energy from its kin and changes!
You take 2 damage, and have 105/132 hp.
You completely miss the cyan ugly thing.
The cyan ugly thing closely misses you. The red ugly thing trunk-slaps you.
You are engulfed in flames!!
You take 24 damage, and have 81/132 hp.
You slice the orc!!
You kill the orc!
Trog accepts your kill.
The cyan ugly thing tentacle-slaps you but does no damage.
The red ugly thing trunk-slaps you but does no damage.
You slice the red ugly thing!!
The cyan ugly thing tentacle-slaps you but does no damage.
The red ugly thing trunk-slaps you but does no damage.
The red ugly thing barely misses you.
The cyan ugly thing basks in the mutagenic energy from its kin and changes!
You closely miss the red ugly thing.
Your headbutt misses the red ugly thing.
The red ugly thing misses you.
You riposte.
Your plate armour prevents you from hitting the red ugly thing.
You headbutt the red ugly thing!
The cyan ugly thing tentacle-slaps you but does no damage.
The red ugly thing trunk-slaps you but does no damage.
Your plate armour prevents you from hitting the red ugly thing.
The red ugly thing closely misses you. You furiously retaliate!
You headbutt the red ugly thing!
You kill the red ugly thing!
Trog accepts your kill.
The cyan ugly thing tentacle-slaps you but does no damage.
The red ugly thing closely misses you.
You slice the red ugly thing!!
The red ugly thing trunk-slaps you but does no damage.
The cyan ugly thing tentacle-slaps you but does no damage.
The red ugly thing closely misses you. You furiously retaliate!
You headbutt the red ugly thing.
You kill the red ugly thing!
Trog accepts your kill. Something appears at your feet!
Trog grants you ammunition!
You slash the red ugly thing!
Your headbutt misses the red ugly thing.
The red ugly thing trunk-slaps you but does no damage.
The cyan ugly thing tentacle-slaps you. The cyan ugly thing shocks you!
You take 18 damage, and have 65/133 hp.
You slash the red ugly thing!
Your headbutt misses the red ugly thing.
The red ugly thing trunk-slaps you but does no damage.
The cyan ugly thing tentacle-slaps you but does no damage.
You slash the red ugly thing!
The red ugly thing trunk-slaps you but does no damage.
The cyan ugly thing closely misses you.
You slice the red ugly thing!! The red ugly thing trunk-slaps you.
You are engulfed in flames!!
* * * LOW HITPOINT WARNING * * *
The cyan ugly thing tentacle-slaps you.
* * * LOW HITPOINT WARNING * * *
The cyan ugly thing shocks you!
* * * LOW HITPOINT WARNING * * *
You take 47 damage, and have 18/133 hp.
MASSIVE DAMAGE!!
You closely miss the red ugly thing. You headbutt the red ugly thing.
The red ugly thing trunk-slaps you.
* * * LOW HITPOINT WARNING * * *
You are engulfed in flames!!
You die...

.... .............
...... ............
..$... #.##.#...... .
.... ###.##..# #..≈ ..
... #.......###...
...###.## #........##.≈≈
........###).....#....≈.
......u)).(..>........≈.
......u@.........###.<.≈
......#(.##......# ##.⌠.
................... ....
.###.....##......#......
........#........#....
...............###....
....#.....####.# #....
?..##....#. .....


You could see 2 ugly things.

Vanquished Creatures
  4 hydras
  The ghost of Bigslacks the Cleaver, a journeyman FoFi of Okawaru (D:7)
  A centaur warrior (D:13)
  3 two-headed ogres
  4 death yaks
  An unseen horror (D:12)
  6 ugly things
  A cyclops (D:9)
  2 manticores
  5 black mambas
  3 elephants (Lair:6)
  A torpor snail (Lair:6)
  21 spiny frogs
  3 rime drakes
  2 ice devils (D:11)
  9 komodo dragons
  A yaktaur (D:12)
  A kobold demonologist (D:13)
  A tengu conjurer (D:12)
  6 trolls
  2 polar bears
  A jumping spider (Lair:4)
  2 tyrant leeches (Lair:6)
  22 blink frogs
  11 hippogriffs
  4 dream sheep (Lair:4)
  5 redbacks
  Sigmund (D:3)
  A spriggan (D:8)
  4 wyverns
  3 shadows
  40 yaks
  13 vampire mosquitoes
  A hungry ghost (D:12)
  3 basilisks
  The ghost of Ofeo the Changer, an amateur OpTm (D:3)
  9 water moccasins
  8 porcupines
  2 black bears
  6 orc warriors
  8 ice beasts
  3 eyes of draining
  A hornet zombie (D:12)
  3 phantoms
  A necrophage (D:10)
  6 ogres
  11 wolves
  8 centaurs
  8 crocodiles
  3 big kobolds
  19 bullfrogs
  A gnoll sergeant (D:5)
  A wyvern zombie (D:13)
  A wyvern skeleton (D:13)
  3 scorpions
  3 killer bees (D:13)
  4 wights (D:9)
  5 electric eels
  5 crimson imps
  A bullfrog zombie (D:9)
  A quasit (D:13)
  4 orc priests
  12 orc wizards
  A bullfrog skeleton (D:11)
  3 centaur skeletons
  13 hounds
  2 jellies
  Jessica (D:2)
  3 iguanas
  10 worker ants
  A hound skeleton (D:9)
  Robin (D:2)
  2 worker ant zombies (D:6)
  5 gnolls (D:5)
  9 adders
  4 shadow imps
  8 oozes (D:4)
  A dart slug (D:1)
  41 orcs
  2 ball pythons
  4 giant cockroaches
  15 goblins
  11 hobgoblins
  16 jackals
  31 kobolds
  3 bats (D:1)
  4 frilled lizards
  A leopard gecko skeleton (D:7)
  A quokka skeleton (D:4)
  5 rats
  2 fungi
  2 plants (Lair:6)
529 creatures vanquished.

Vanquished Creatures (collateral kills)
  A minotaur (Lab)
  A two-headed ogre (D:9)
  A death yak (Lair:5)
  A kobold demonologist (D:13)
  3 kobolds (D:13)
7 creatures vanquished.

Vanquished Creatures (others)
  The ghost of drugrobin the Fighter, a journeyman DgHu (Lair:2)
  A two-headed ogre (D:11)
  A death yak (Lair:5)
  3 elephants (Lair:6)
  2 spiny frogs
  A blink frog (Lair:6)
  A hippogriff (Lair:3)
  A dream sheep (Lair:4)
  A redback (Lab)
  3 yaks
  A vampire mosquito (Lair:4)
  A centaur (D:6)
  A crocodile (Lair:3)
  A scorpion (D:6)
  A bullfrog skeleton (D:8)
  An orc (D:8)
  11 fungi
  37 plants (Lair:6)
  6 toadstools (D:4)
75 creatures vanquished.

Grand Total: 611 creatures vanquished

Notes
Turn   | Place    | Note
-------+----------+-------------------------------------------
     0 | D:1      | Firecrotchwizard the Minotaur Berserker began the quest for the Orb.
     0 | D:1      | Reached XP level 1. HP: 19/19 MP: 0/0
   196 | D:1      | Reached XP level 2. HP: 24/27 MP: 1/1
   282 | D:1      | Reached skill level 4 in Long Blades
   298 | D:1      | HP: 6/27 [goblin (2)]
   781 | D:1      | Reached ** piety under Trog
   851 | D:2      | Reached skill level 4 in Fighting
   851 | D:2      | Reached XP level 3. HP: 32/33 MP: 2/2
   922 | D:2      | Reached skill level 3 in Armour
  1035 | D:2      | Found a basalt altar of Yredelemnul.
  1041 | D:2      | Reached XP level 4. HP: 40/40 MP: 3/3
  1365 | D:2      | Reached skill level 3 in Dodging
  1374 | D:2      | Noticed Robin
  1379 | D:2      | Killed Robin
  1379 | D:2      | Reached skill level 5 in Long Blades
  1486 | D:2      | Noticed Jessica
  1488 | D:2      | Killed Jessica
  1488 | D:2      | Reached XP level 5. HP: 47/47 MP: 4/4
  1973 | D:3      | Noticed Sigmund
  1980 | D:3      | Noticed Ofeo's ghost (amateur OpTm)
  1983 | D:3      | Killed Sigmund
  1983 | D:3      | Reached skill level 4 in Armour
  1983 | D:3      | Reached XP level 6. HP: 51/55 MP: 5/5
  1990 | D:3      | Killed Ofeo's ghost
  1990 | D:3      | Reached skill level 5 in Fighting
  1990 | D:3      | Reached skill level 6 in Long Blades
  2193 | D:3      | Noticed a two-headed ogre
  2199 | D:3      | HP: 18/84 [two-headed ogre/giant spiked club (11)]
  2201 | D:3      | Killed a two-headed ogre
  2201 | D:3      | Reached skill level 6 in Fighting
  2201 | D:3      | Reached skill level 8 in Long Blades
  2201 | D:3      | Reached skill level 5 in Armour
  2201 | D:3      | Reached skill level 5 in Dodging
  2201 | D:3      | Reached XP level 7. HP: 15/63 MP: 6/6
  2201 | D:3      | Reached XP level 8. HP: 17/70 MP: 7/7
  2670 | D:4      | Reached *** piety under Trog
  3234 | D:4      | Reached skill level 6 in Armour
  3417 | D:4      | Reached **** piety under Trog
  3589 | D:5      | Entered Level 5 of the Dungeon
  3681 | D:5      | Reached skill level 9 in Long Blades
  3914 | D:5      | Reached skill level 7 in Fighting
  4179 | D:5      | Got an ancient dagger
  4192 | D:5      | Reached skill level 6 in Dodging
  4735 | D:6      | Reached XP level 9. HP: 79/79 MP: 8/8
  4789 | D:6      | Reached ***** piety under Trog
  4811 | D:6      | Reached skill level 10 in Long Blades
  4839 | D:6      | Reached skill level 7 in Armour
  5409 | D:7      | Found a staircase to the Ecumenical Temple.
  5434 | D:7      | Noticed Bigslacks's ghost (journeyman FoFi)
  5454 | D:7      | Killed Bigslacks's ghost
  5454 | D:7      | Reached skill level 8 in Fighting
  5454 | D:7      | Reached skill level 11 in Long Blades
  5454 | D:7      | Reached skill level 7 in Dodging
  6220 | D:8      | Identified a +1 pair of boots of running (You found it on level 8 of the Dungeon)
  6246 | D:8      | Reached skill level 8 in Armour
  6343 | D:8      | Reached XP level 10. HP: 88/90 MP: 9/9
  6452 | D:8      | Received a gift from Trog
  6727 | D:8      | Found a staircase to the Lair.
  7061 | D:8      | Reached skill level 9 in Fighting
  7458 | D:9      | Reached skill level 12 in Long Blades
  7548 | D:9      | Reached skill level 8 in Dodging
  7892 | D:9      | Noticed a two-headed ogre
  7898 | D:9      | Killed a two-headed ogre
  7898 | D:9      | Reached skill level 9 in Armour
  8044 | D:9      | Noticed Joseph
  8044 | D:9      | Noticed a two-headed ogre
  8050 | D:9      | Killed a two-headed ogre
  8052 | D:9      | Banished Joseph
  8078 | D:9      | Noticed a cyclops
  8084 | D:9      | Killed a cyclops
  8344 | D:10     | Entered Level 10 of the Dungeon
  8576 | D:10     | Got a dazzling triple crossbow
  8595 | D:10     | Reached XP level 11. HP: 91/99 MP: 10/10
  8645 | D:10     | Found a radiant altar of Vehumet.
  8823 | D:11     | Found an opulent altar of Gozag.
  8823 | D:11     | Noticed a green ugly thing
  8824 | D:11     | Noticed a two-headed ogre
  8833 | D:11     | Banished a two-headed ogre
  8833 | D:11     | Reached skill level 13 in Long Blades
  8839 | D:11     | Killed a green ugly thing
  8839 | D:11     | Reached skill level 10 in Fighting
  8955 | D:11     | Reached skill level 9 in Dodging
  9211 | Lair:1   | Entered Level 1 of the Lair of Beasts
  9358 | Lair:1   | Noticed a six-headed hydra
  9372 | Lair:1   | Killed an 11-headed hydra
  9767 | Lair:1   | Reached skill level 10 in Armour
 10121 | Lair:2   | Noticed drugrobin's ghost (journeyman DgHu)
 10167 | Lair:2   | Reached skill level 14 in Long Blades
 10183 | Lair:2   | Banished drugrobin's ghost
 10183 | Lair:2   | Reached skill level 1 in Evocations
 10414 | Lair:2   | Noticed an oklob plant
 10957 | Lair:2   | You fall through a shaft!
 10961 | Lair:3   | Reached skill level 2 in Evocations
 11075 | Lair:3   | Reached skill level 11 in Fighting
 11075 | Lair:3   | Reached skill level 3 in Evocations
 11294 | Lair:3   | Reached XP level 12. HP: 107/110 MP: 13/13
 11347 | Lair:3   | Reached skill level 10 in Dodging
 11411 | Lair:3   | Reached skill level 4 in Evocations
 11475 | Lair:3   | Reached skill level 11 in Armour
 11668 | Lair:3   | Reached skill level 5 in Evocations
 11717 | Lair:3   | Received a gift from Trog
 11957 | Lair:4   | Found a labyrinth entrance.
 11976 | Lair:4   | Reached skill level 6 in Evocations
 12070 | Lab      | Entered a labyrinth
 12341 | Lab      | Noticed a minotaur
 12354 | Lab      | Identified the Compendium of Unstable Displacement
 12459 | Lab      | Killed a minotaur
 12461 | Lab      | Got a faintly glowing scimitar {slice}
 12534 | Lair:4   | Reached skill level 12 in Fighting
 12575 | Lair:4   | Reached skill level 1 in Throwing
 12943 | Lair:4   | Reached skill level 2 in Throwing
 12954 | Lair:4   | Reached skill level 11 in Dodging
 12965 | Lair:4   | Found a hole to the Spider Nest.
 13157 | Lair:4   | Found a staircase to the Swamp.
 13382 | Lair:5   | Reached skill level 3 in Throwing
 13385 | Lair:5   | Reached XP level 13. HP: 115/118 MP: 16/16
 13547 | Lair:5   | Reached skill level 12 in Armour
 13975 | Lair:5   | Received a gift from Trog
 13975 | Lair:5   | Reached skill level 4 in Throwing
 14411 | Lair:5   | Got a crystal trident
 14706 | Lair:6   | Entered Level 6 of the Lair of Beasts
 14844 | Lair:6   | Found a hide-covered altar of Uskayaw.
 14869 | Lair:6   | Reached skill level 5 in Throwing
 14902 | Lair:6   | Received a gift from Trog
 15140 | Lair:6   | Reached skill level 6 in Throwing
 15345 | Lair:6   | Reached skill level 13 in Fighting
 15389 | Lair:6   | Reached skill level 7 in Throwing
 15425 | Lair:6   | Reached skill level 12 in Dodging
 15890 | Lair:6   | Reached skill level 13 in Armour
 15893 | Lair:6   | Found a staircase to the Slime Pits.
 16011 | Lair:6   | Reached XP level 14. HP: 129/129 MP: 17/17
 16733 | D:11     | Received a gift from Trog
 16799 | D:11     | Reached skill level 8 in Throwing
 17101 | D:11     | Found Ekojukk's Antique Weapon Shop.
 17228 | D:11     | Found a staircase to the Orcish Mines.
 18063 | D:13     | Received a gift from Trog
 18507 | D:13     | Reached ****** piety under Trog
 18508 | D:13     | Received a gift from Trog
 18647 | D:13     | Reached skill level 14 in Fighting
 18903 | D:13     | Reached skill level 15 in Long Blades
 18989 | D:13     | Received a gift from Trog
 19229 | D:14     | Received a gift from Trog
 19233 | D:14     | HP: 18/133 [cyan ugly thing (16)]
 19234 | D:14     | Mangled by a red ugly thing

Vault maps used:
D:1:      moated_graveyard_arrival
D:2:      minmay_door_path, yredelemnul_altar_generic, uniq_jessica, uniq_robin
D:3:      uniq_sigmund
D:4:      cheibrodos_fertilizer, first_ration, serial_curves, eino_curves_04,
          eino_curves_03, roderic_serpentine_path
D:7:      minmay_temple_entry_enclosed_plants
D:8:      erik_lair_island, the_bakery
D:9:      uniq_joseph
D:10:     basic_altar
D:11:     orc_0_dummy, serial_glass, glass_columns_b, glass_columns_c,
          portal_ice_cave_demonic_guard, serial_shops, shop,
          nicolae_gozag_seed_capital
D:12:     dk_noncrumbling_4, minmay_bent
D:13:     dk_noncrumbling_2
D:14:     lightli_vaults_fourway_checkpoint, hangedman_decor_growths,
          ice2_lemuel
Lair:1:   grunt_megastairs_2, serial_bayou_shore_b
Lair:2:   columned_hall_lemuel, infiniplex_staircase_pool,
          minmay_lair_oklob_chamber, lemuel_fruit_fields
Lair:3:   beast_lair_carwin_9, grunt_megastairs_1
Lair:4:   minmay_swamp_entry_swarm, spider_nest_entry_funnel_web,
          lab_entry_generic, st_stairs_4
Lair:6:   minmay_lair_end_frog_pond, slime_dummy, basic_altar,
          nicolae_quartered_pool_super
Lab:      labyrinth_spiral, nicolae_lab_lava, nicolae_lab_garden, lab_hedge,
          nicolae_lab_arrow, lab_fountain, labyrinth_glass_1,
          nicolae_lab_do_over, nicolae_lab_blocks, labyrinth_lava_lair,
          nicolae_lab_swirl, lab_statue, labyrinth_skeletal_remains

Skill      XL: |  1  2  3  4  5  6  7  8  9 10 11 12 13 14 |
---------------+-------------------------------------------+-----
Long Blades    | 4 5 8 9 11 12 14 15 | 15.3
Fighting       | 4 6 7 8 9 11 12 13 14 | 14.3
Armour         | 3 4 5 6 8 9 10 11 13 | 13.2
Dodging        | 3 5 6 7 8 9 11 12 | 12.3
Evocations     | 3 6 |  6.3
Throwing       | 3 7 8 |  8.4

Action                   |  1- 3 |  4- 6 |  7- 9 | 10-12 | 13-15 || total
-------------------------+-------+-------+-------+-------+-------++-------
Melee: Falchion          |    79 |    62 |   180 |       |       ||   321
       Headbutt          |     8 |    15 |    80 |   116 |    92 ||   311
       Long sword        |       |       |    76 |   426 |   272 ||   774
       Great sword       |       |       |       |       |   108 ||   108
Throw: Javelin           |       |       |       |    30 |   292 ||   322
       Tomahawk          |       |       |       |       |    30 ||    30
Invok: Berserk           |     1 |     2 |     1 |     1 |       ||     5
       Trog's Hand       |       |     1 |     1 |       |       ||     2
       Brothers in Arms  |       |       |       |     3 |     2 ||     5
  Use: Scroll            |       |     1 |     7 |     8 |    12 ||    28
       Potion            |       |       |     1 |       |       ||     1
  Eat: Chunk             |     1 |     5 |    13 |    12 |    19 ||    50
       Ration            |       |       |     1 |     3 |       ||     4
Armor: Animal skin       |    14 |       |       |       |       ||    14
       Chain mail        |     1 |    19 |   118 |   131 |       ||   269
       Plate armour      |       |       |       |    35 |   193 ||   228
Dodge: Dodged            |    58 |    30 |   114 |   171 |   189 ||   562
       Rpst.: Falchion   |     9 |     6 |    29 |       |       ||    44
       Long sword        |       |       |     5 |    38 |    26 ||    69
       Great sword       |       |       |       |       |    13 ||    13

Table legend:
 A = Spawn XP
 B = Non-spawn XP
 C = Spawn XP percentage of total XP
 D = Spawn monster count
 E = Non-spawn monster count
 F = Spawn count percentage of total count
 G = Total turns spent on level
                    A         B        C        D         E        F      G
               +---------+---------+-------+---------+---------+-------+---------
         Total |       0 |   86765 |   0.0 |       0 |     554 |   0.0 | 19234
               +---------+---------+-------+---------+---------+-------+---------
           D:1 |       0 |      39 |   0.0 |       0 |      23 |   0.0 |   847
           D:2 |       0 |     159 |   0.0 |       0 |      27 |   0.0 |   938
           D:3 |       0 |    1309 |   0.0 |       0 |       8 |   0.0 |   811
           D:4 |       0 |     599 |   0.0 |       0 |      42 |   0.0 |  1015
           D:5 |       0 |     552 |   0.0 |       0 |      22 |   0.0 |  1048
           D:6 |       0 |     949 |   0.0 |       0 |      27 |   0.0 |   404
           D:7 |       0 |    1427 |   0.0 |       0 |       8 |   0.0 |  1119
           D:8 |       0 |    2202 |   0.0 |       0 |      30 |   0.0 |  1271
           D:9 |       0 |    3268 |   0.0 |       0 |      27 |   0.0 |  1015
          D:10 |       0 |     468 |   0.0 |       0 |       4 |   0.0 |   625
          D:11 |       0 |    6604 |   0.0 |       0 |      38 |   0.0 |   798
          D:12 |       0 |    5086 |   0.0 |       0 |      32 |   0.0 |   739
          D:13 |       0 |    9754 |   0.0 |       0 |      56 |   0.0 |  1133
          D:14 |       0 |    2361 |   0.0 |       0 |      11 |   0.0 |    52
        Lair:1 |       0 |    2686 |   0.0 |       0 |      11 |   0.0 |   852
        Lair:2 |       0 |    2361 |   0.0 |       0 |      10 |   0.0 |   929
        Lair:3 |       0 |    9496 |   0.0 |       0 |      37 |   0.0 |   863
        Lair:4 |       0 |    7805 |   0.0 |       0 |      36 |   0.0 |  1139
        Lair:5 |       0 |    6656 |   0.0 |       0 |      25 |   0.0 |  1386
        Lair:6 |       0 |   21502 |   0.0 |       0 |      77 |   0.0 |  1817
           Lab |       0 |    1482 |   0.0 |       0 |       3 |   0.0 |   433
               +---------+---------+-------+---------+---------+-------+---------

Vault maps used:
D:1:      moated_graveyard_arrival
D:2:      minmay_door_path, yredelemnul_altar_generic, uniq_jessica, uniq_robin
D:3:      uniq_sigmund
D:4:      cheibrodos_fertilizer, first_ration, serial_curves, eino_curves_04,
          eino_curves_03, roderic_serpentine_path
D:7:      minmay_temple_entry_enclosed_plants
D:8:      erik_lair_island, the_bakery
D:9:      uniq_joseph
D:10:     basic_altar
D:11:     orc_0_dummy, serial_glass, glass_columns_b, glass_columns_c,
          portal_ice_cave_demonic_guard, serial_shops, shop,
          nicolae_gozag_seed_capital
D:12:     dk_noncrumbling_4, minmay_bent
D:13:     dk_noncrumbling_2
D:14:     lightli_vaults_fourway_checkpoint, hangedman_decor_growths,
          ice2_lemuel
Lair:1:   grunt_megastairs_2, serial_bayou_shore_b
Lair:2:   columned_hall_lemuel, infiniplex_staircase_pool,
          minmay_lair_oklob_chamber, lemuel_fruit_fields
Lair:3:   beast_lair_carwin_9, grunt_megastairs_1
Lair:4:   minmay_swamp_entry_swarm, spider_nest_entry_funnel_web,
          lab_entry_generic, st_stairs_4
Lair:6:   minmay_lair_end_frog_pond, slime_dummy, basic_altar,
          nicolae_quartered_pool_super
Lab:      labyrinth_spiral, nicolae_lab_lava, nicolae_lab_garden, lab_hedge,
          nicolae_lab_arrow, lab_fountain, labyrinth_glass_1,
          nicolae_lab_do_over, nicolae_lab_blocks, labyrinth_lava_lair,
          nicolae_lab_swirl, lab_statue, labyrinth_skeletal_remains

Table legend:
 A = Turns spent in this place as a percentage of turns spent in the entire game.
 B = Non-inter-level travel turns spent in this place as a percentage of non-inter-level travel turns spent in the entire game.
 C = Inter-level travel turns spent in this place as a percentage of turns spent in this place.
 D = Turns resting spent in this place as a percentage of non-inter-level travel turns spent in this place.
 E = Turns spent auto-exploring this place as a percentage of non-inter-level travel turns spent in this place.
 F = Non-inter-level travel turns spent in this place divided by the number of levels of this place that you've seen.
                   A       B       C       D       E      F
               +-------+-------+-------+-------+-------+----------------------
         Total | 100.0 | 100.0 |   4.0 |  21.4 |  60.1 | 879.4
       Dungeon |  61.4 |  61.1 |   4.5 |  21.0 |  62.4 | 805.9
          Lair |  36.3 |  36.6 |   3.3 |  20.6 |  60.0 | 1125.3
     Labyrinth |   2.3 |   2.3 |   0.0 |  46.2 |   0.0 | 433.0
               +-------+-------+-------+-------+-------+----------------------

Table legend:
 A = Kills in this place as a percentage of kills in entire the game.
 B = Kills by you in this place as a percentage of kills by you in the entire game.
 C = Kills by friends in this place as a percentage of kills by friends in the entire game.
 D = Other kills in this place as a percentage of other kills in the entire game.
 E = Experience gained in this place as a percentage of experience gained in the entire game.
 F = Experience gained in this place divided by the number of levels of this place that you have seen.
                   A       B       C       D       E      F
               +-------+-------+-------+-------+-------+----------------------
         Total | 100.0 | 100.0 | 100.0 | 100.0 | 100.0 | 4131.7
       Dungeon |  64.1 |  65.7 |  71.4 |  22.7 |  40.1 | 2484.1
          Lair |  35.4 |  34.1 |  14.3 |  72.7 |  58.2 | 8417.7
     Labyrinth |   0.5 |   0.2 |  14.3 |   4.5 |   1.7 | 1482.0
               +-------+-------+-------+-------+-------+----------------------
